 Dungeon Crawl Stone Soup version 0.29.1-1-gd02db6906a (webtiles) character file.

Game seed: 17470057370797801415

2629 OwlCat the Vexing (level 9, -2/45 HPs)
             Began as a Spriggan Arcane Marksman on Oct 20, 2022.
             Was a Follower of Okawaru.
             Killed by an exploding kobold (47 damage)
             ... ignited by their inner flame
             ... on level 8 of the Dungeon.
             The game lasted 01:23:19 (10680 turns).

OwlCat the Vexing (Spriggan Arcane Marksman)       Turns: 10680, Time: 01:23:20

Health: -2/45      AC:  4    Str:  6    XL:     9   Next: 35%
Magic:  14/19      EV: 23    Int: 16    God:    Okawaru [*.....]
Gold:   201        SH:  0    Dex: 18    Spells: 10/21 levels left

rFire   . . .      SeeInvis +   a - +1 sling
rCold   . . .      Faith    .   (no shield)
rNeg    . . .      Spirit   .   F - +2 robe of Giycrouz {SInv}
rPois   .          Reflect  .   (helmet restricted)
rElec   .          Harm     .   (no cloak)
rCorr   .          Rampage  .   (gloves unavailable)
Will    +....                   (boots unavailable)
Stlth   +++.......              (no amulet)
HPRegen 0.15/turn               C - ring of wizardry
MPRegen 0.16/turn               D - +4 ring of evasion

@: very quick
A: very small, no large weapons, unfitting armour, see invisible, speed 3
a: Renounce Religion, Heroism


You were on level 8 of the Dungeon.
You worshipped Okawaru.
Okawaru was aware of your devotion.
You visited 2 branches of the dungeon, and saw 9 of its levels.

You collected 422 gold pieces.
You spent 221 gold pieces at shops.

Inventory:

Hand Weapons
 a - a +1 sling (weapon)
 h - a +0 short sword of venom
 B - a +5 scimitar
Missiles
 f - 3 datura-tipped darts
 w - 9 poisoned darts
 E - a throwing net
Armour
 c - a +0 robe
 F - the +2 robe of Giycrouz (worn) {SInv}
   (You found it on level 7 of the Dungeon)

   SInv:      It lets you see invisible.
Jewellery
 j - a ring of resist corrosion
 l - a ring of fire
 C - a ring of wizardry (left hand)
 D - a +4 ring of evasion (right hand)
Wands
 k - a wand of flame (13)
 v - a wand of paralysis (22)
 x - a wand of iceblast (6)
 G - a wand of digging (3)
Scrolls
 b - a scroll of poison
 d - 5 scrolls of torment
 g - 5 scrolls of teleportation
 n - 5 scrolls of identify {unknown}
 o - a scroll of amnesia {unknown}
 p - 2 scrolls of vulnerability {unknown}
 q - 2 scrolls of brand weapon {unknown}
 r - a scroll of enchant weapon {unknown}
 s - a scroll of immolation {unknown}
 y - 2 scrolls of magic mapping {unknown}
 H - a scroll of butterflies {unknown}
Potions
 e - 4 potions of attraction
 i - 4 potions of curing
 m - 2 potions of flight
 t - 2 potions of heal wounds {unknown}
 u - a potion of haste {unknown}
 z - a potion of lignification
 A - a potion of brilliance


   Skills:
 + Level 4.0 Fighting
 * Level 7.3 Ranged Weapons
 - Level 4.3 Dodging
 - Level 3.1 Stealth
 + Level 6.6 Spellcasting
 + Level 7.6 Hexes
 - Level 5.2 Translocations
 + Level 0.6 Invocations


You had 10 spell levels left.
You knew the following spells:

 Your Spells              Type           Power      Damage    Failure   Level
a - Slow                  Hex            100%       N/A       1%          1
b - Portal Projectile     Hex/Tloc       50%        N/A       1%          3
c - Inner Flame           Hex/Fire       17%        N/A       3%          3
d - Cause Fear            Hex            14%        N/A       2%          4

Your spell library contained the following spells:

 Spells                   Type           Power      Damage    Failure   Level
 Confusing Touch          Hex            29%        N/A       1%          3
 Gell's Gravitas          Tloc           22%        N/A       1%          3
 Teleport Other           Tloc           22%        N/A       1%          3
 Dazzling Flash           Conj/Hex       34%        N/A       3%          3
 Poisonous Vapours        Pois/Air       10%        N/A       9%          2
 Silence                  Hex/Air        8%         N/A       28%         5
 Yara's Violent Unravell  Hex/Tmut       8%         3d5       28%         5
 Corpse Rot               Necr/Pois/Air  5%         N/A       45%         4
 Dispersal                Tloc           11%        N/A       63%         6
 Agony                    Necr           5%         N/A       78%         5
 Enfeeble                 Hex            14%        N/A       86%         7
 Summon Mana Viper        Hex/Summ       Unusable   N/A       N/A         5
 Summon Forest            Summ/Tloc      Unusable   N/A       N/A         5
 Summon Cactus Giant      Summ           Unusable   N/A       N/A         6

Dungeon Overview and Level Annotations

Branches:
Dungeon (8/15)             Temple (1/1) D:7
   Lair: D:8-11

Altars:
Ashenzari
Cheibriados
Dithmenos
Elyvilon
Fedhas
Gozag
Hepliaklqana
Kikubaaqudgha
Makhleb
Okawaru
Qazlal
Ru
Sif Muna
Trog
Vehumet
Wu Jian
Xom
Yredelemnul
Zin
The Shining One

Shops:
D:5 !

Annotations:
D:7 2 transporters, SonOfSpiff's ghost, amateur TrBe


Innate Abilities, Weirdness & Mutations

You are very small and have problems with some larger weapons.
You are too small for most types of armour.
You have supernaturally acute eyesight. (SInv)
You cover ground extremely quickly. (Speed+++)


Message History

Press: ? - help, Q - select action, (/) - cycle Shift-Dir - straight line, f/p - kobold
Aim: a kobold, wielding a +0 dagger and quivering poisoned darts (inner flame, slow, 59% to hit)
You shoot a sling bullet. The sling bullet hits the kobold.
Flame seeps out of the kobold.
The kobold is heavily wounded.
Fire: a) +1 sling
Press: ? - help, Q - select action, (/) - cycle Shift-Dir - straight line, f/p - kobold
Aim: a kobold, wielding a +0 dagger and quivering poisoned darts (flame, heavily wounded, inner flame, slow, 59% to hit)
You shoot a sling bullet. The sling bullet hits the kobold!
Okawaru accepts your kill.
The kobold explodes!
A kobold brigand comes into view.
It is wielding a +0 whip and quivering curare-tipped darts.
Casting: Inner Flame (dangerous; 3% risk of failure)
Confirm with . or Enter, or press ? or * to list all spells.
Aiming: Inner Flame (dangerous; 3% risk of failure)
Press: ? - help, Dir - move target, f - kobold
Aim: a kobold, wielding a +0 whip (chance to affect: 84%)
The kobold is filled with an inner flame.
The kobold brigand shouts!
The kobold brigand throws a curare-tipped dart.
The curare-tipped dart misses you.
Fire: a) +1 sling
Press: ? - help, Q - select action, (/) - cycle Shift-Dir - straight line, f/p - kobold
Aim: a kobold, wielding a +0 whip (inner flame, 59% to hit)
You shoot a sling bullet.
The sling bullet closely misses the kobold.
A kobold comes into view. It is wielding a +0 short sword.
There is a stone staircase leading up here.
You climb upwards.
Level annotation: 2 transporters, SonOfSpiff's ghost, amateur TrBe
There is a stone staircase leading down here.
You climb downwards.
The kobold misses you.
The kobold brigand throws a curare-tipped dart.
The curare-tipped dart completely misses you.
The curare-tipped dart hits the kobold.
The kobold is poisoned.
The kobold convulses.
The kobold explodes!
The fiery explosion engulfs you!!!
Ouch! That really hurt!
You die...

.....
###########.....
#...........K...
#.#.............
###.#....K....)...
#.................
###.#.............
#.#.............
#.##@###.##.....
#.##§###.##.....
#.##§§..........
#.#####..... ...
#.# ..##. ... #.#
.# #.# #..
#.##....#
#........


You could see a kobold brigand.

Vanquished Creatures
  The ghost of OwlCat the Chopper, an amateur DrBe of Trog (D:4)
  A water moccasin (D:7)
  A black bear (D:3)
  A sky beast (D:6)
  An orc warrior (D:7)
  4 ice beasts
  3 ogres
  2 phantoms
  A necrophage (D:6)
  2 scorpions
  2 bullfrogs (D:6)
  The ghost of ababab the Vexing, an amateur FeEn (D:4)
  5 wights (D:6)
  An orc priest (D:7)
  A gnoll bouda (D:6)
  5 hounds
  2 jellies
  Terence (D:2)
  2 iguanas
  3 orc wizards (D:7)
  The ghost of ImASeal the Sneak, a weakling TrDe (D:4)
  4 gnolls
  9 adders
  An ufetubus (D:6)
  A worm (D:4)
  3 dart slugs
  6 orcs
  7 ball pythons
  8 endoplasms
  3 giant cockroaches
  8 hobgoblins
  3 quokkas
  5 bats
  2 frilled lizards
  11 goblins
  7 kobolds
  3 rats
122 creatures vanquished.

Vanquished Creatures (others)
  A kobold (D:8)
1 creature vanquished.

Grand Total: 123 creatures vanquished

Notes
Turn   | Place    | Note
-------+----------+-------------------------------------------
     0 | D:1      | OwlCat the Spriggan Arcane Marksman began the quest for the
                  | Orb.
     0 | D:1      | Reached XP level 1. HP: 9/9 MP: 3/3
   282 | D:1      | Reached skill level 1 in Fighting
   295 | D:1      | Reached XP level 2. HP: 14/14 MP: 5/5
   601 | D:1      | Reached skill level 1 in Stealth
   926 | D:1      | Found a faded altar of an unknown god.
   926 | D:1      | Noticed a Hell Sentinel
  1407 | D:2      | Reached XP level 3. HP: 18/18 MP: 7/7
  1412 | D:2      | Noticed Terence
  1437 | D:2      | Killed Terence
  1473 | D:2      | Identified the +5 ring mail of the Storm King {rPois rF+
                  | MP-9 Dex+3}
  2088 | D:3      | Noticed a black bear
  2315 | D:3      | Reached XP level 4. HP: 19/22 MP: 6/8
  2462 | D:3      | Killed a black bear
  2463 | D:3      | Reached XP level 5. HP: 25/25 MP: 5/10
  2910 | D:3      | Found a stormy altar of Qazlal.
  3031 | D:3      | Learned a level 3 spell: Portal Projectile
  3435 | D:4      | Noticed an ogre
  3674 | D:4      | Reached skill level 1 in Translocations
  3674 | D:4      | Reached XP level 6. HP: 30/30 MP: 12/12
  3967 | D:4      | Reached skill level 5 in Hexes
  4308 | D:4      | Found a runed translucent gate.
  4309 | D:4      | Found a runed translucent gate.
  4309 | D:4      | Found a runed translucent gate.
  4310 | D:4      | Noticed ababab's ghost (amateur FeEn)
  4310 | D:4      | Noticed ImASeal's ghost (weakling TrDe)
  4312 | D:4      | Noticed OwlCat's ghost (amateur DrBe)
  4701 | D:5      | Entered Level 5 of the Dungeon
  4865 | D:4      | Reached XP level 7. HP: 34/34 MP: 12/14
  5070 | D:5      | Found Dostismule's Distillery.
  5078 | D:5      | Bought a potion of attraction for 39 gold pieces
  5078 | D:5      | Bought a potion of flight for 39 gold pieces
  5078 | D:5      | Bought a potion of curing for 39 gold pieces
  5078 | D:5      | Bought a potion of degeneration for 13 gold pieces
  5078 | D:5      | Bought a potion of lignification for 39 gold pieces
  5078 | D:5      | Bought a potion of brilliance for 52 gold pieces
  5315 | D:5      | Found an ornate altar of the Wu Jian Council.
  6351 | D:6      | Found the +6 shillelagh "Devastator" {shatter}
  6998 | D:6      | Reached skill level 5 in Ranged Weapons
  6998 | D:6      | Reached XP level 8. HP: 39/39 MP: 16/16
  7308 | D:6      | Reached skill level 5 in Spellcasting
  7659 | D:6      | Reached skill level 5 in Translocations
  7899 | D:6      | Learned a level 3 spell: Inner Flame
  7904 | D:6      | Learned a level 4 spell: Cause Fear
  8097 | D:7      | Found a staircase to the Ecumenical Temple.
  8161 | Temple   | Entered the Ecumenical Temple
  8424 | Temple   | Became a worshipper of Warmaster Okawaru
  8447 | D:7      | Found a transporter.
  8454 | D:7      | Noticed SonOfSpiff's ghost (amateur TrBe)
  8468 | D:7      | Found a transporter.
  8893 | D:7      | Identified the +2 robe of Giycrouz {SInv}
  9333 | D:7      | Reached XP level 9. HP: 15/44 MP: 9/19
  9856 | D:4      | Killed OwlCat's ghost
  9856 | D:4      | Killed ababab's ghost
  9856 | D:4      | Killed ImASeal's ghost
 10084 | D:7      | Reached * piety under Okawaru
 10261 | D:8      | Noticed a death yak
 10680 | D:8      | Killed by an exploding kobold... ignited by their inner
                  | flame

Illustrated notes

Levels and vault maps discovered:
D:1:      amcnicky_arrival_abandoned_market, layout_loops_corners,
          dreamdust_ecumenical_altar_sealed_demon, minmay_crystal_room
D:2:      layout_basic, uniq_terence
D:3:      layout_rooms, nicolae_qazlal_general_emergency
D:4:      layout_basic, gammafunk_ghost_cemetery, minmay_circle_x
D:5:      layout_loops_ring, mainiacjoe_overflow_small_starburst, serial_shops,
          shop
D:6:      layout_loops_corners, dilly_guarded_unrand_devastator
D:7:      layout_loops_ring, minmay_temple_entry_slanted,
          gammafunk_ghost_stat_death
D:8:      layout_basic, mainiacjoe_overflow_catwalk, dpeg_lair_monsters,
          wad_floor_pattern_1
Temple:   nicolae_temple_bog_church

Skill      XL: |  1  2  3  4  5  6  7  8  9 |
---------------+----------------------------+-----
Fighting       | 1 2 3 4 |  4.0
Dodging        | 3 4 |  4.3
Stealth        | 1 2 3 |  3.1
Spellcasting   | 2 3 4 6 |  6.6
Hexes          | 4 5 6 7 |  7.6
Ranged Weapons | 3 5 6 7 |  7.3
Translocations | 1 2 4 5 |  5.2
Invocations    | |  0.6

Action                   |  1- 3 |  4- 6 |  7- 9 || total
-------------------------+-------+-------+-------++-------
 Fire: Sling             |   101 |   226 |   421 ||   748
 Cast: Slow              |     9 |    74 |    80 ||   163
       Portal Projectile |       |       |     9 ||     9
       Inner Flame       |       |       |     8 ||     8
  Use: Scroll            |       |       |     2 ||     2
Armor: Robe              |     1 |     3 |     1 ||     5
Dodge: Dodged            |    17 |    20 |    20 ||    57
